AoeStats
← BronzyRex6

Glade

503425184Analyzed
1v1 RM · 1mo ago on Aug 31, 2026· 94m 2s· 2 players
Game mode
Random Map
Map size
Tiny (2 player)
Population
200
Speed
Normal
Resources
Standard
Victory
Conquest
Starting age
Dark Age
Ending age
Imperial Age
RankedLock teamsTeams togetherTeam positionsShared explorationLock speedFull tech treeHidden civsTurbo modeCheats
Victory
Defeat
🇦🇷 Celts · Argentina
465
+19
🇭🇺 Khmer · Hungary
454
-15
BronzyRex6
0:40 Loom
12:10 Feudal Age
15:54 Castle Age
15:48 Horse Collar
36:32 Imperial Age
37:28 Double Crossbow
38:27 Conscription
39:56 Scale Barding Armor
42:02 Chain Barding Armor
45:00 Elite Ballista Elephant
50:33 Wheelbarrow
49:44 Town Watch
50:18 Double-Bit Axe
57:12 Chemistry
59:37 Plate Barding Armor
59:15 Forging
59:13 Husbandry
58:34 Light Cavalry
59:25 Heavy Plow
61:34 Town Patrol
62:43 Bloodlines
62:30 Fletching
63:35 Fortified Wall
71:58 Iron Casting
71:56 Hand Cart
76:40 Bow Saw
77:18 Hoardings
79:21 Gold Mining
84:56 Pikeman
andresklix77
0:59 Loom
12:20 Feudal Age
13:44 Double-Bit Axe
19:25 Castle Age
18:01 Padded Archer Armor
18:43 Scale Mail Armor
18:45 Man-at-Arms
20:00 Crossbowman
23:49 Stone Mining
23:51 Gold Mining
25:18 Wheelbarrow
27:56 Hand Cart
33:14 Horse Collar
34:48 Chain Mail Armor
36:55 Forging
36:12 Long Swordsman
40:33 Imperial Age
39:34 Bow Saw
39:44 Leather Archer Armor
39:12 Elite Skirmisher
45:09 Ballistics
46:58 Pikeman
51:43 Plate Mail Armor
51:04 Fletching
51:27 Scale Barding Armor
53:41 Halberdier
58:53 Two-Handed Swordsman
59:57 Cavalier
64:51 Ring Archer Armor
65:01 Iron Casting
64:19 Gambesons
65:56 Chemistry
74:18 Champion
78:35 Blast Furnace
79:19 Heavy Plow
79:53 Masonry
81:01 Onager
82:41 Paladin
91:27 Husbandry
Connection lost

Rejoining the realm…

Still unreachable

The connection could not be restored.

Session expired

The server has moved on; the page needs a fresh start.